 Dungeon Crawl Stone Soup version 0.17.0-7-gfadd4cc (webtiles) character file.

960 MDvedh the Destroyer (level 7, -3/36 HPs)
             Began as a Deep Elf Wizard on Nov 8, 2015.
             Slain by a centaur (4 damage)
             ... on level 6 of the Dungeon.
             The game lasted 00:15:45 (6588 turns).

MDvedh the Destroyer (Deep Elf Wizard)              Turns: 6588, Time: 00:15:46

Health: -3/36      AC:  6    Str: 11    XL:     7   Next: 92%
Magic:  7/16       EV: 12    Int: 25    God:
Gold:   372        SH:  0    Dex: 13    Spells: 6 memorised, 1 level left

rFire  . . .     SeeInvis .     g - +1 whip (elec)
rCold  . . .     Clarity  .     i - +1 robe of the Devil {Regen+ Slay+2} (curse)
rNeg   . . .     SustAt   .     (no shield)
rPois  .         Gourm    .     w - +1 helmet
rElec  .         Spirit   .     l - +0 cloak
rCorr  .         Warding  .     (no gloves)
rMut   .         Stasis   .     (no boots)
MR     .....                    (no amulet)
Stlth  +++.......               f - ring of the Unkillable {Str+4 Stlth+}
                                d - +3 ring of strength

@: not resistant to hostile enchantments, fairly stealthy
A: evolution 1
a: no special abilities


You were on level 6 of the Dungeon.
You were not hungry.

You visited 1 branch of the dungeon, and saw 6 of its levels.
You also visited: Ossuary.

You collected 372 gold pieces.

Inventory:

Hand Weapons
 g - a +1 whip of electrocution (weapon)
Missiles
 x - a throwing net (quivered)
Armour
 i - the cursed +1 robe of the Devil (worn) {Regen+ Slay+2}
   (You found it on level 5 of the Dungeon)

   It affects your accuracy and damage with ranged weapons and melee attacks
   (+2).
   It increases your rate of regeneration.
   It has a curse placed upon it.
 l - a +0 cloak (worn)
 w - a +1 helmet (worn)
Jewellery
 d - a +3 ring of strength (left hand)
 f - the ring of the Unkillable (right hand) {Str+4 Stlth+}
   (You found it on level 4 of the Dungeon)

   [ring of stealth]

   It affects your strength (+4).
   It makes you more stealthy.
 y - an uncursed ring of fire
Wands
 a - a wand of flame (19)
 n - a wand of paralysis (21)
Scrolls
 b - a scroll of enchant armour
 o - 2 scrolls of remove curse
Potions
 h - a potion of agility
 j - a potion of flight
 k - 2 potions of haste
 p - 4 potions of curing
 s - a potion of invisibility
 t - a potion of cure mutation
 v - a potion of brilliance
 z - a potion of cancellation
Books
 c - a book of Minor Magic

   Spells                             Type                      Level
   a - Magic Dart                     Conjuration                  1
   b - Blink                          Translocation                2
   c - Call Imp                       Summoning                    2
   d - Repel Missiles                 Charms/Air                   2
   e - Slow                           Hexes                        2
   f - Conjure Flame                  Conjuration/Fire             3
   g - Mephitic Cloud                 Conjuration/Poison/Air       3
 e - a book of Callings

   Spells                             Type                      Level
   a - Summon Small Mammal            Summoning                    1
   b - Call Imp                       Summoning                    2
   c - Call Canine Familiar           Summoning                    3
   d - Summon Guardian Golem          Hexes/Summoning              3
   e - Summon Lightning Spire         Summoning/Air                4
   f - Summon Ice Beast               Ice/Summoning                4
Comestibles
 m - a meat ration
 q - a royal jelly
 r - 3 bread rations


   Skills:
 - Level 2.4 Dodging
 - Level 2.4 Stealth
 - Level 5.1 Spellcasting
 - Level 9.4 Conjurations
 + Level 2.0 Summonings
 - Level 1.1 Translocations
 + Level 1.3 Ice Magic


You had one spell level left.
You knew the following spells:

 Your Spells              Type           Power        Failure   Level  Hunger
a - Magic Dart            Conj           ####         1%          1    None
b - Blink                 Tloc           N/A          10%         2    None
c - Repel Missiles        Chrm/Air       #.....       14%         2    None
d - Conjure Flame         Conj/Fire      ####....     3%          3    ##.....
e - Mephitic Cloud        Conj/Pois/Air  ###.....     10%         3    ##.....
f - Summon Ice Beast      Ice/Summ       ##......     50%         4    ####...


Dungeon Overview and Level Annotations

Branches:
Dungeon (6/15)
 Temple: D:4-7

Altars:
Ashenzari
Cheibriados
Elyvilon
Gozag
Yredelemnul

Annotations:
D:6 Grinder


Innate Abilities, Weirdness & Mutations

You evolve.


Message History

The iguana is almost dead.
The giant frog hits you. The iguana bites you!
* * * LOW HITPOINT WARNING * * *
The giant frog closely misses you.
A centaur opens the door.
Grinder comes into view.
Grinder gestures at you. You resist with some effort.
A hound and a scorpion come into view.
Unknown command.
Read which item? (? for menu, Esc to quit)
Okay, then.
Drink which item? (? for menu, Esc to quit)
Okay, then.
Casting: Magic Dart
Confirm with . or Enter, or press ? or * to list all spells.
You blink.
The iguana bites you!
* * * LOW HITPOINT WARNING * * *
The giant frog hits you but does no damage.
The centaur hits you.
You die...

#.s###..##..##....
.........##..##....
...............#....
....5...........#....
.###.########..##..##
###'###.########..##
#ยง.....h.....<...>..
#.lFc...............
##.@#...#..#..##....
###################


You could see Grinder, a giant frog, a centaur, an iguana and a hound.

Vanquished Creatures
  The ghost of oplop the Sneak, a novice VSAs (D:4)
  A phantom (D:5)
  An ogre (D:4)
  A giant frog (D:6)
  A scorpion (D:4)
  A crimson imp (D:5)
  3 hounds
  A centaur skeleton (D:4)
  A giant frog skeleton (D:5)
  An orc wizard (D:5)
  A worker ant (D:4)
  An iguana (D:5)
  2 mummies
  6 adders
  An ooze (D:3)
  2 worms
  4 giant geckos
  8 orcs
  9 bats
  5 giant cockroaches
  4 goblins
  9 hobgoblins
  13 jackals
  9 kobolds
  2 quokkas
  A ball python (D:3)
  A giant gecko skeleton (D:4)
  4 giant newts
  A goblin zombie (D:6)
  A kobold zombie (D:6)
  A quokka skeleton (D:6)
  10 rats
107 creatures vanquished.

Notes
Turn   | Place    | Note
--------------------------------------------------------------
     0 | D:1      | MDvedh the Deep Elf Wizard began the quest for the Orb.
     0 | D:1      | Reached XP level 1. HP: 10/10 MP: 7/7
   334 | D:1      | Reached XP level 2. HP: 15/15 MP: 5/9
   680 | D:1      | Reached skill level 5 in Spellcasting
   744 | D:1      | Learned a level 2 spell: Blink
   747 | D:1      | Learned a level 2 spell: Repel Missiles
   987 | D:1      | Reached XP level 3. HP: 19/19 MP: 8/11
  2032 | D:2      | Learned a level 3 spell: Conjure Flame
  2036 | D:2      | Learned a level 3 spell: Mephitic Cloud
  2453 | D:2      | Reached XP level 4. HP: 17/24 MP: 8/13
  3762 | D:3      | Reached XP level 5. HP: 28/28 MP: 10/14
  3884 | D:4      | Found a white marble altar of Elyvilon.
  3885 | D:4      | Found a shattered altar of Ashenzari.
  3896 | D:4      | Found a snail-covered altar of Cheibriados.
  3900 | D:4      | Reached skill level 5 in Conjurations
  3904 | D:4      | Got a steaming jade ring
  3916 | D:4      | Identified the ring of the Unkillable {Str+4 Stlth+} (You found it on level 4 of the Dungeon)
  4135 | D:4      | Noticed an ogre
  4149 | D:4      | Killed an ogre
  4149 | D:4      | Reached skill level 6 in Conjurations
  4290 | D:4      | Reached XP level 6. HP: 20/32 MP: 4/15
  4491 | D:4      | Reached skill level 7 in Conjurations
  4634 | D:4      | Noticed oplop's ghost (novice VSAs)
  4824 | D:4      | Killed oplop's ghost
  4824 | D:4      | Reached skill level 8 in Conjurations
  4824 | D:4      | Reached XP level 7. HP: 33/36 MP: 4/16
  4946 | D:3      | Found an opulent altar of Gozag.
  4946 | D:3      | Found a basalt altar of Yredelemnul.
  5138 | D:5      | Entered Level 5 of the Dungeon
  5436 | D:5      | Got a slimy robe
  5447 | D:5      | Identified the cursed +1 robe of the Devil {Regen+ Slay+2} (You found it on level 5 of the Dungeon)
  5570 | D:5      | Reached skill level 9 in Conjurations
  6186 | D:6      | Gained mutation: You evolve. [potion of beneficial mutation]
  6209 | D:6      | Learned a level 4 spell: Summon Ice Beast
  6256 | D:6      | Found a sand-covered staircase.
  6365 | Ossuary  | Entered an ossuary
  6573 | D:6      | Reached skill level 1 in Ice Magic
  6587 | D:6      | Noticed Grinder
  6588 | D:6      | HP: 1/36 [iguana (9)]
  6588 | D:6      | Slain by a centaur

Action                   |  1- 3 |  4- 6 |  7- 9 || total
-------------------------+-------+-------+-------++-------
Melee: Unarmed           |     1 |       |       ||     1
       Whip              |    35 |    16 |    39 ||    90
 Cast: Magic Dart        |    99 |   118 |    81 ||   298
       Conjure Flame     |       |     7 |     6 ||    13
       Blink             |       |     2 |     1 ||     3
       Mephitic Cloud    |       |     3 |     2 ||     5
  Use: Scroll            |       |    13 |     7 ||    20
       Potion            |       |       |     1 ||     1
  Eat: Bread ration      |     1 |       |       ||     1
       Chunk             |       |     7 |     1 ||     8
       Meat ration       |       |       |     1 ||     1
       Pizza             |       |       |     1 ||     1
